 Dungeon Crawl Stone Soup version 0.28.0-43-g3370ac3207 (webtiles) character file.

Game seed: 2064654184033781187

65 RascalDebosk the Skirmisher (level 3, 0/33 HPs)
             Began as a Minotaur Fighter on Mar 19, 2022.
             Slain by a gnoll
             ... wielding a +0 whip
              (3 damage)
             ... on level 2 of the Dungeon.
             The game lasted 00:08:47 (765 turns).

RascalDebosk the Skirmisher (Minotaur Fighter)       Turns: 765, Time: 00:08:47

Health: 0/33       AC:  9    Str: 22    XL:     3   Next: 94%
Magic:  2/2        EV:  9    Int:  5    God:
Gold:   5          SH:  4    Dex:  9    Spells: 2/2 levels left

rFire   . . .      SeeInvis .   a - +0 trident
rCold   . . .      Faith    .   c - +0 buckler
rNeg    . . .      Spirit   .   b - +0 scale mail
rPois   .          Reflect  .   (helmet restricted)
rElec   .          Harm     .   g - +0 cloak
rCorr   .          Rampage  .   (no gloves)
Will    .....                   h - +0 pair of boots
Stlth   ..........              (no amulet)
HPRegen 0.11/turn               (no ring)
MPRegen 0.08/turn               (no ring)

@: no status effects
A: horns 2, retaliatory headbutt
a: no special abilities


You were on level 2 of the Dungeon.
You visited 1 branch of the dungeon, and saw 2 of its levels.

You collected 5 gold pieces.

Inventory:

Hand Weapons
 a - a +0 trident (weapon)
Missiles
 e - 6 poisoned darts (quivered)
 j - 29 stones
Armour
 b - a +0 scale mail (worn)
 c - a +0 buckler (worn)
 g - a +0 cloak (worn)
 h - a +0 pair of boots (worn)
Scrolls
 f - a scroll of teleportation {unknown}
 l - 3 scrolls of identify {unknown}
 m - a scroll of blinking {unknown}
Potions
 d - 2 potions of might
 i - a potion of attraction {unknown}
 k - 2 potions of curing {unknown}


   Skills:
 + Level 4.1 Fighting
 + Level 3.0 Polearms
 + Level 1.3 Throwing
 + Level 4.1 Armour
 + Level 4.0 Shields
 + Level 1.0 Evocations


You had 2 spell levels left.
You didn't know any spells.
Your spell library contained the following spells:

 Spells                   Type           Power      Damage    Failure   Level
 Static Discharge         Conj/Air       0%         N/A       95%         2
 Dispel Undead            Necr           0%         3d6       100%        4
 Sticky Flame             Conj/Fire      0%         2d3       100%        4


Dungeon Overview and Level Annotations

Branches:
Dungeon (2/15)

Altars:


Innate Abilities, Weirdness & Mutations

You have a pair of horns on your head.
You reflexively headbutt those who attack you in melee.


Message History

You miss the adder. Your headbutt misses the adder.
You feel sick. You block the adder's attack.
The gnoll hits you from afar with a +0 spear.
The adder bites you but does no damage.
You puncture the adder!
You kill the adder!
You feel sick. The gnoll barely misses you.
Your Evocations skill increases to level 1!
You are too injured to fight recklessly!
You are too injured to fight recklessly!
You barely miss the gnoll.
You feel sick. The gnoll hits you with a +0 whip.
The gnoll hits you from afar with a +0 spear.
You hit the gnoll.
The gnoll is lightly wounded.
You feel sick. The gnoll completely misses you.
The gnoll hits you but does no damage.
You barely miss the gnoll. Your headbutt misses the gnoll.
You feel sick.
You are no longer poisoned.
The gnoll hits you but does no damage. The gnoll completely misses you.
You furiously retaliate!
You headbutt the gnoll. The gnoll closely misses you. x2
You hit the gnoll. You headbutt the gnoll.
The gnoll is severely wounded.
The gnoll hits you with a +0 whip of freezing.
* * * LOW HITPOINT WARNING * * *
The gnoll freezes you.
* * * LOW HITPOINT WARNING * * *
The gnoll closely misses you. You block the gnoll's attack.
You barely miss the gnoll.
The gnoll is severely wounded.
The gnoll hits you with a +0 whip of freezing.
* * * LOW HITPOINT WARNING * * *
The gnoll freezes you.
* * * LOW HITPOINT WARNING * * *
The gnoll hits you with a +0 whip.
* * * LOW HITPOINT WARNING * * *
The gnoll hits you but does no damage.
You hit the gnoll.
The gnoll is severely wounded.
You block the gnoll's attack. The gnoll hits you with a +0 whip.
You die...

.##. .<. ...
.. #.## g.#
###g##
#..@g#
#....#
#..[.# #
#....#⌠#⌠#⌠
#......._..
#...##⌠#⌠#⌠
#....######
##.........#
#
#..........#
#


You could see 3 gnolls.

Vanquished Creatures
  2 adders (D:2)
  A gnoll (D:2)
  2 dart slugs
  2 bats (D:1)
  An endoplasm (D:2)
  2 giant cockroaches (D:2)
  7 goblins
  A hobgoblin (D:1)
  4 jackals (D:1)
  2 kobolds (D:1)
  2 quokkas
  A ball python (D:1)
  A frilled lizard (D:1)
  4 rats
32 creatures vanquished.

Notes
Turn   | Place    | Note
-------+----------+-------------------------------------------
     0 | D:1      | RascalDebosk the Minotaur Fighter began the quest for the
                  | Orb.
     0 | D:1      | Reached XP level 1. HP: 19/19 MP: 0/0
   159 | D:1      | Reached XP level 2. HP: 27/27 MP: 1/1
   679 | D:2      | Reached XP level 3. HP: 33/33 MP: 2/2
   701 | D:2      | Reached skill level 1 in Throwing
   745 | D:2      | Found a faded altar of an unknown god.
   760 | D:2      | Reached skill level 1 in Evocations
   765 | D:2      | Slain by a gnoll

Illustrated notes

Levels and vault maps discovered:
D:1:      beargit_arrival_greenhouse, layout_basic, minmay_misc_feat_chi
D:2:      layout_basic, ebering_ecumenical_altar_hall, minivault_24

Skill      XL: |  1  2  3 |
---------------+----------+-----
Fighting       | 4 |  4.1
Throwing       | 1 |  1.3
Armour         | 4 |  4.1
Polearms       | 3 |  3.0
Shields        | 4 |  4.0
Evocations     | 1 |  1.0

Action                   || total
-------------------------++-------
Melee: Trident           ||    84
       Headbutt          ||     7
Armor: Scale mail        ||    36
Dodge: Dodged            ||    37
Block: Buckler           ||    23
